[Event "Late-Titled-Tuesday-Blitz-January-16-2024"]
[Site "Chess.com"]
[Date "2024.01.16"]
[Round "1"]
[White "Malev212"]
[Black "Hui_Li_Macau"]
[Result "1-0"]
[WhiteElo "2640"]
[BlackElo "2318"]
[TimeControl "180+1"]
[EndTime "14:08:29 PST"]
[Termination "Malev212 won by resignation"]

1. e4 e5 2. f4 d5 3. exd5 e4 4. d3 Nf6 5. dxe4 Nxe4 6. Qe2 Bf5 7. Nf3 Bc5 8. Nc3 Qe7 9. Be3 Nxc3 10. Bxc5 Qxe2+ 11. Bxe2 Nxe2 12. Kxe2 Na6 13. Ba3 Bxc2 14. Rac1 Be4 15. d6 cxd6 16. Bxd6 f6 17. Rc4 Bxf3+ 18. Kxf3 Kf7 19. Rd1 Rac8 20. Rcd4 Rhd8 21. R1d2 Rc6 22. f5 Rcc8 23. Bf4 Ke8 24. Re2+ Kf7 25. Red2 Ke8 26.
Bd6 Rd7 27. Ba3 Rxd4 28. Rxd4 Rc7 29. g4 Rd7 30. Rc4 b6 31. h4 Nc7 32. g5 Nb5 33.
Bb4 Rd4 34. Rxd4 Nxd4+ 35. Ke4 Nc6 36. Bc3 Kf7 37. gxf6 gxf6 38. a4 a6 39. Kd5 Ne7+ 40.
Ke4 Nc6 41. b4 b5 42. a5 Ne7 43. h5 Kg7 44. Bd2 Kf7 45. h6 Ke8 46. Bc3 Kf7 47.
Bd4 Nc6 48. Bc5 Ne5 49. Kd5 Ng4 50. Kc6 Nxh6 51. Kb7 Nxf5 52. Kxa6 h5 53. Kxb5 h4 54.
a6 h3 55. Bg1 Nd4+ 56. Kb6 Nf3 57. Bh2 Nxh2 58. a7 Ng4 59. a8=Q h2 60. Qg2 f5 61.
Ka7 Kf6 62. b5 1-0

[Event "Late-Titled-Tuesday-Blitz-January-16-2024"]
[Site "Chess.com"]
[Date "2024.01.16"]
[Round "1"]
[White "Nouali_Mohamed"]
[Black "C_K_G"]
[Result "1/2-1/2"]
[WhiteElo "2545"]
[BlackElo "2067"]
[TimeControl "180+1"]
[EndTime "14:08:41 PST"]
[Termination "Game drawn - insufficient material"]

1. e4 c5 2. Nf3 d6 3. d4 cxd4 4. Nxd4 Nf6 5. Nc3 a6 6. Bc4 e5 7. Nf5 Bxf5 8. exf5 Nbd7 9. g4 b5 10. Bb3 h6 11. Rg1 Qc7 12. Nd5 Nxd5 13. Qxd5 Nb6 14. Qf3 Be7 15. Be3 Rc8 16. O-O-O Nc4 17. Kb1 a5 18.
Qd5 a4 19. Qxb5+ Kf8 20. Qxa4 Nxe3 21. fxe3 Kg8 22. Qb5 Bg5 23. e4 Be3 24. Rg3 Bd4 25. Qd5 Rb8 26. h4 Kh7 27. g5 Rhf8 28. gxh6 Kxh6 29.
f6 g6 30. h5 g5 31. Rgd3 Rb6 32. Rxd4 exd4 33. Qxd4 Re8 34. a4 Re5 35. Rf1 Qc5 36. Qd3 Rb4 37. Bxf7 Rd4 38. Qb3 Rb4 39. Qd3 Rxa4 40.
Bb3 Rd4 41. Qc3 Qxc3 42. bxc3 Rdxe4 43. f7 Re1+ 44. Rxe1 Rxe1+ 45. Kb2 Rf1 46. Be6 Kxh5 47. c4 g4 48. Kc3 g3 49. Bd5 Kh4 50. Kb4 Kh3 51.
Kb5 g2 52. Bxg2+ Kxg2 53. Kc6 Rxf7 54. Kxd6 Kf3 55. c5 Ke4 56. c6 Rf6+ 57. Kc5 Rf7 58. Kd6 Rf6+ 59. Kc5 Ke5 60. c7 Rf3 61. Kc6 Rc3+ 62.
Kb7 Rxc2 63. c8=Q Rxc8 64. Kxc8 1/2-1/2

[Event "Late-Titled-Tuesday-Blitz-January-16-2024"]
[Site "Chess.com"]
[Date "2024.01.16"]
[Round "1"]
[White "GiorgianBarbosa"]
[Black "lucliasco"]
[Result "0-1"]
[WhiteElo "2481"]
[BlackElo "2893"]
[TimeControl "180+1"]
[EndTime "14:08:50 PST"]
[Termination "lucliasco won by resignation"]

1. c4 e5 2. g3 Nf6 3. Bg2 d5 4. cxd5 Nxd5 5. Nf3 Nc6 6. d4 Bb4+ 7. Bd2 e4 8. Ne5 e3 9. Bxb4 exf2+ 10. Kxf2 Ndxb4 11. Nxc6 Nxc6 12. e3 O-O 13. Nc3 Re8 14. Qf3 Nxd4 15.
exd4 Qxd4+ 16. Kf1 Bg4 17. Qf2 Qb4 18. h3 Be6 19. Kg1 c6 20. Kh2 Rad8 21. Rad1 h5 22. Rxd8 Rxd8 23. Rd1 Rxd1 24. Nxd1 Bxa2 25. Qxa7 Be6 26.
Qb8+ Kh7 27. Qf4 Qb3 28. Qd2 g6 29. Nc3 Qb4 30. Ne4 Qxd2 31. Nxd2 Kg7 32. Bf3 Kf6 33. Kg2 Ke5 34. Kf2 Bxh3 35. Ke3 Be6 36. Be2 b5 37. Bd3 Bd7 38. Nf3+ Kd6 39. Ng5 Be8 40. Kf4 f6 41. Ne4+ Ke7 42. Nc5 Bf7 43. b4 g5+ 44.
Kf5 Bg8 45. Kg6 h4 46. gxh4 gxh4 47. Kg7 Bd5 48. Bf5 Bg2 49. Kg6 h3 50. Bxh3 Bxh3 51.
Kh5 Bg2 52. Kg4 Bd5 53. Kf5 Ba2 54. Ke4 Bb1+ 55. Kd4 Kd6 56. Nb3 f5 57. Nd2 Bc2 58. Nf3 Be4 59. Ne5 Bd5 60. Ng6 Kd7 61. Nf4 Kd6 62. Nd3 Bf7 63. Nf4 Bg8 64. Nd3 Ke6 65. Nf4+ Kf6 66. Kc5 Bd5 67. Nxd5+ cxd5 68. Kxb5 f4 69. Kc5 f3 70. b5 f2 71. b6 f1=Q 72. b7 Qb1 73. Kc6 d4 74. b8=Q Qxb8 0-1

[Event "Late-Titled-Tuesday-Blitz-January-16-2024"]
[Site "Chess.com"]
[Date "2024.01.16"]
[Round "1"]
[White "Yaacovn"]
[Black "ATM622"]
[Result "1-0"]
[WhiteElo "2893"]
[BlackElo "2484"]
[TimeControl "180+1"]
[EndTime "14:08:52 PST"]
[Termination "Yaacovn won by resignation"]

1. d4 Nf6 2. e3 e6 3. Bd3 d5 4.
Nd2 Be7 5. f4 c5 6. c3 Nc6 7.
Ngf3 b6 8. Ne5 Bd7 9. O-O Qc7 10. Qe2 h5 11. b3 cxd4 12. exd4 Nxe5 13. fxe5 Ng4 14.
Bb2 g6 15. Nf3 O-O 16. Qd2 Kg7 17. Bc1 Rh8 18. Bb2 Rab8 19. Ng5 Rbf8 20. Rf3 f5 21. h3 Nh6 22. Rf2 Nf7 23. Nf3 g5 24.
c4 g4 25. cxd5 exd5 26. Rc1 Qd8 27. Ne1 Bg5 28. Rf4 Bxf4 29. Qxf4 Qg5 30. Qxg5+ Nxg5 31. Rc7 Rf7 32. Rxa7 gxh3 33. Bc1 f4 34. gxh3 Nxh3+ 35. Kf1 Ng5 36. Ng2 f3 37. Bxg5 fxg2+ 38. Kg1 Rhf8 39. Bf6+ Kg8 40. Bg6 Rxf6 41. exf6 Rxf6 42. Rxd7 Rxg6 43. Rxd5 h4 44. Rh5 Rg4 45. d5 Kg7 46. d6 Kg6 47. Rh8 Rd4 48. a4 Kg7 49. Rh5 Kg6 50. Rb5 Rxd6 51. Kxg2 Rc6 52. Kh3 Kf6 53.
Kxh4 Ke6 54. Kg4 Kd6 55. Kf4 Kc7 56. Ke4 Rc1 57. Kd3 Kc6 58. Rb4 Rh1 59. Rc4+ Kd6 60. Kc3 Rh3+ 61. Kb4 Rg3 62. Rc8 Rg4+ 63. Kb5 Kd7 64.
Rc4 Rg6 65. b4 Rf6 66. Ka6 Rg6 67. b5 Rf6 68. Ka7 Kd8 69. Kb7 Re6 70. Rc6 Re4 71.
Kxb6 Rxa4 72. Kb7 Rb4 73. b6 Kd7 74. Rc7+ Kd8 75. Rc1 Rb3 76. Ka7 Ra3+ 77. Kb8 Rb3 78. b7 Rb2 79. Rd1+ Ke7 80. Rd4 Rb1 81. Ra4 Kd7 82.
Ka7 Kc7 83. Rc4+ Kd7 84. b8=Q Ra1+ 85. Kb7 Rb1+ 86. Ka8 Ra1+ 87. Qa7+ Rxa7+ 88. Kxa7 1-0

[Event "Late-Titled-Tuesday-Blitz-January-16-2024"]
[Site "Chess.com"]
[Date "2024.01.16"]
[Round "1"]
[White "GP9isback23"]
[Black "CRObliterator"]
[Result "0-1"]
[WhiteElo "2626"]
[BlackElo "2348"]
[TimeControl "180+1"]
[EndTime "14:08:55 PST"]
[Termination "CRObliterator won on time"]

1. d4 Nf6 2. Nf3 e6 3. g3 b5 4. Bg2 d5 5. O-O Nbd7 6. b3 c5 7. dxc5 Bxc5 8. c4 bxc4 9. bxc4 O-O 10. Nc3 Bb7 11. Nd2 Nb6 12. Nb3 Bb4 13. Qd4 Nxc4 14.
Bg5 h6 15. Bf4 Qb6 16. Qd3 Ba6 17. Rac1 Rac8 18. Nb1 Na3 19. Qd1 Rxc1 20. Qxc1 Nxb1 21. Qxb1 Bxe2 22. Rc1 Ng4 23. Qc2 Qxf2+ 24. Kh1 Bf3 25.
Qxf2 Nxf2+ 26. Kg1 Bxg2 27. Kxf2 Be4 28. Rc7 a5 29.
Bd2 Bd6 30. Ra7 Rb8 31. Rxa5 Bf8 32. Be3 g5 33. Bc5 Bxc5+ 34. Rxc5 f5 35. Rc7 Ra8 36.
Nd4 Rxa2+ 37. Ke3 Ra3+ 38. Kf2 f4 39. Nxe6 Ra2+ 40. Ke1 f3 41. Nd4 f2+ 42. Kf1 Bd3+ 43. Ne2 Bxe2+ 44. Kxf2 Bc4+ 45. Ke3 Re2+ 46. Kd4 Re4+ 47.
Kc5 Re8 48. Kd6 Rf8 49. Ke6 d4+ 50. Ke5 d3 51. Rxc4 Rd8 52. Rc1 Kg7 53. Kf5 d2 54.
Rd1 Rd7 55. h4 gxh4 56. gxh4 Kf7 57. h5 Kg7 58. Ke5 Rd8 59. Kf5 Rd7 60. Ke5 Kf8 61. Kf6 Rd6+ 62. Ke5 Ke7 63. Kf5 Rd5+ 64. Kg6 Rd6+ 65.
Kg7 Kd7 66. Kh7 Kc6 67. Kg7 Kc5 68. Kh7 Kc4 69. Rxd2 Rxd2 70. Kxh6 Kd5 71. Kh7 Ke6 72. h6 Kf7 0-1

[Event "Late-Titled-Tuesday-Blitz-January-16-2024"]
[Site "Chess.com"]
[Date "2024.01.16"]
[Round "1"]
[White "DarkAlekhine"]
[Black "el_sporco"]
[Result "1-0"]
[WhiteElo "2742"]
[BlackElo "2413"]
[TimeControl "180+1"]
[EndTime "14:08:56 PST"]
[Termination "DarkAlekhine won by resignation"]

1. c4 Nf6 2. Nc3 e5 3. g3 Nc6 4. Bg2 Bc5 5. e3 O-O 6. Nge2 d5 7. cxd5 Nb4 8. d4 exd4 9. exd4 Be7 10. O-O Nbxd5 11. Nxd5 Nxd5 12. Nc3 Be6 13. Re1 Bf6 14.
Ne4 c6 15. Nc5 Bc8 16. Be3 Re8 17. Qb3 Nxe3 18. fxe3 Qb6 19. Qd3 Bg4 20. b4 Rad8 21.
Rab1 g6 22. Qc4 Qc7 23. Kh1 Bf5 24. Rbc1 Bg5 25. Qb3 h5 26. Rcd1 h4 27. e4 Bg4 28.
Bf3 Bxf3+ 29. Qxf3 hxg3 30. hxg3 Kg7 31. Kg2 a5 32. a3 axb4 33. axb4 Ra8 34. e5 Ra2+ 35.
Re2 Rxe2+ 36. Qxe2 Be7 37. Ne4 Bxb4 38. Nf6 Rh8 39.
Rf1 Be7 40. Qf3 Qd8 41. Ne4 Qd5 42. Nd2 Qxf3+ 43. Nxf3 Ra8 44. Rb1 Ra2+ 45. Kh3 b5 46. Rc1 Ra6 47. Kg4 Rb6 48. Nd2 b4 49. Nb3 Ra6 50.
Kf4 Bd8 51. Ke4 Ra3 52. Rb1 Be7 53. Kd3 f5 54. Kc4 Ra2 55. Rc1 Rg2 56. Na5 Rxg3 57. Nxc6 Bg5 58. Rb1 Rc3+ 59. Kd5 b3 60. Na5 Rd3 61. Nxb3 Be3 62. Kc4 Rxb3 63. Rxb3 f4 64. Kd3 Kf7 65. Ke4 g5 66. Rxe3 fxe3 67. Kxe3 Ke6 68. Ke4 g4 69. d5+ Ke7 70. Kf4 1-0

[Event "Late-Titled-Tuesday-Blitz-January-16-2024"]
[Site "Chess.com"]
[Date "2024.01.16"]
[Round "1"]
[White "Quattroporte300"]
[Black "GianmarcoVaR"]
[Result "0-1"]
[WhiteElo "2407"]
[BlackElo "2732"]
[TimeControl "180+1"]
[EndTime "14:08:56 PST"]
[Termination "GianmarcoVaR won on time"]

1. e4 c6 2. d4 d5 3. exd5 cxd5 4. Bd3 Nc6 5. c3 Nf6 6. Bf4 Bg4 7. Qb3 Qd7 8. Nd2 e6 9. Ngf3 Bd6 10. Bxd6 Qxd6 11. O-O O-O 12. Rae1 Rab8 13. Ne5 Bh5 14. f4 b5 15. a3 Na5 16. Qc2 Nc4 17. Ndf3 a5 18. h3 Rfc8 19. g4 Bg6 20. Qf2 b4 21. axb4 axb4 22.
Bxg6 hxg6 23. Ng5 Rc7 24. Qh4 Nd2 25. Ngxf7 Rxf7 26. Qh8+ Kxh8 27. Nxf7+ Kg8 28. Nxd6 bxc3 29. bxc3 Nxf1 30. Kxf1 Rb3 31. Re3 Kf8 32. Rxe6 Rb1+ 33.
Kf2 Rb2+ 34. Kf3 Kg8 35. Re3 Rc2 36. g5 Nd7 37. Re8+ Nf8 38. Rc8 Rd2 39. Ke3 Rh2 40. f5 Rxh3+ 41. Kf4 gxf5 42. Nxf5 Kf7 43. Nd6+ Ke7 44. Nf5+ Kf7 45. Rc7+ Ke8 46. Nxg7+ Kd8 47.
Rf7 Ng6+ 48. Kg4 Rxc3 49. Kf5 Ne7+ 50. Kf6 Rf3+ 51. Ke6 Re3+ 52. Kd6 Nc8+ 53. Kxd5 Rg3 54. Ne6+ Ke8 55. Rf8+ Kd7 56. Rf7+ Ne7+ 57. Ke5 Re3+ 58. Kf4 Rxe6 59. Rf6 Re1 60. Rh6 Rf1+ 61. Kg4 Rg1+ 62. Kf4 Ke8 63. Re6 Kf7 64. Re2 Ng6+ 65. Kf5 Ne7+ 66. Ke4 Rxg5 67. Rf2+ Ke6 68. Rf4 Nd5 69. Rf1 Rg4+ 70. Kd3 Rg3+ 71. Kd2 Rg2+ 72. Kd3 Rg3+ 73. Kd2 Nf6 74. Rf2 Ne4+ 75. Ke2 Nxf2 0-1

[Event "Late-Titled-Tuesday-Blitz-January-16-2024"]
[Site "Chess.com"]
[Date "2024.01.16"]
[Round "1"]
[White "19912131712118"]
[Black "kenta1234"]
[Result "1/2-1/2"]
[WhiteElo "2442"]
[BlackElo "2768"]
[TimeControl "180+1"]
[EndTime "14:09:08 PST"]
[Termination "Game drawn - insufficient material"]

1. e4 c5 2. Nf3 e6 3. d4 cxd4 4. Nxd4 Nc6 5. Nc3 Qc7 6. Be3 a6 7. Be2 b5 8. a3 Bb7 9. O-O Nf6 10.
f4 d6 11. Qe1 Na5 12. Rd1 Nxe4 13. Nxe4 Bxe4 14. f5 e5 15. Nb3 Nc4 16. Bf3 Bxf3 17. Rxf3 Nxb2 18. Rc1 Be7 19. Qg3 Bf6 20. Bg5 Qe7 21.
Bxf6 Qxf6 22. Nd2 Qh6 23. Qe1 Nc4 24. Nxc4 bxc4 25. Rd1 Qf6 26. Qb4 O-O 27. Qxc4 Rac8 28. Qd3 Qh4 29. g3 Qa4 30. Qxd6 Qxc2 31. Rd2 Qb1+ 32.
Rf1 Qe4 33. Qxa6 Qe3+ 34. Rdf2 Rfd8 35. Qe2 Qxe2 36. Rxe2 f6 37. Rf3 Rc1+ 38. Kg2 Kf7 39. Rb3 Rd7 40. a4 Ra1 41. Rb4 Ra7 42. Rc2 R1xa4 43. Rxa4 Rxa4 44. Rc7+ Kf8 45. Kf3 Ra3+ 46. Ke4 Ra5 47. Rc8+ Ke7 48. Rc7+ Kd6 49. Rxg7 Ra4+ 50. Kf3 h5 51. Rh7 Kd5 52. Rxh5 Ra3+ 53. Kg2 Ke4 54. Rh6 Kxf5 55. h4 e4 56. Rh8 Ra2+ 57. Kh3 Ke5 58. Re8+ Kd4 59. Kg4 e3 60. h5 Rf2 61. h6 e2 62. h7 Rh2 63. Rxe2 Rxh7 64. Rf2 Ke5 65. Rf5+ Ke6 66. Rf1 Rg7+ 67. Kf4 Ra7 68. Kf3 Kf5 69. Kg2+ Kg5 70. Rf4 f5 71.
Rf2 Ra4 72. Rf3 Rb4 73. Rf2 Kg4 74. Rf3 Rb2+ 75. Rf2 Rb3 76. Rf4+ Kg5 77. Rf2 Re3 78. Rf1 Re4 79. Rf3 Rg4 80. Rf2 Kf6 81. Rf3 Rg8 82.
Rf2 Rb8 83. Rf3 Rb4 84. Rf2 Kg5 85. Rf3 Re4 86. Rf2 Re3 87. Rf3 Re2+ 88. Rf2 Re1 89. Rf3 Re6 90. Rf2 Re4 91. Rf3 Kg4 92. Rf2 Re3 93.
Rf4+ Kg5 94. Rf2 Rc3 95. Rf3 Rc5 96. Rf2 Rc7 97. Rf3 Rh7 98. Rf2 Re7 99. Rf3 Rd7 100. Rf2 Rd4 101. Rf3 f4 102. Rxf4 Rxf4 103. gxf4+ Kxf4 1/2-1/2

[Event "Late-Titled-Tuesday-Blitz-January-16-2024"]
[Site "Chess.com"]
[Date "2024.01.16"]
[Round "1"]
[White "N18player"]
[Black "sergoy"]
[Result "1-0"]
[WhiteElo "2531"]
[BlackElo "3007"]
[TimeControl "180+1"]
[EndTime "14:09:20 PST"]
[Termination "N18player won by checkmate"]

1. Nf3 d5 2. b3 c5 3. Bb2 f6 4. e3 e5 5. d4 cxd4 6. exd4 e4 7. Nfd2 f5 8. c4 Nf6 9. Nc3 Be6 10. Be2 Nc6 11. Nf1 dxc4 12. d5 Nxd5 13. Bxc4 Bb4 14. Bxd5 Qxd5 15. Qxd5 Bxd5 16. O-O-O Be6 17.
Kb1 Kf7 18. Ne3 Rhd8 19. Ncd5 Bf8 20. f3 exf3 21. gxf3 Bxd5 22. Nxd5 Rd7 23. Ne3 Rad8 24.
Rxd7+ Rxd7 25. Nxf5 Rd2 26. Ng3 Be7 27. Ne4 Rg2 28.
h4 h5 29. Rd1 Rh2 30. Ng5+ Kg6 31. Ne6 Rxh4 32. Nxg7 Rh2 33. Rg1+ Kf7 34. Nf5 Bf8 35.
a3 h4 36. Rg4 h3 37. Rh4 Kg6 38. Rh8 Kxf5 39. Rxf8+ Ke6 40. Rh8 Ne7 41. Rh6+ Kd5 42.
Rh5+ Kc6 43. Be5 Rh1+ 44. Kc2 Nd5 45. Kd3 a6 46. Ke4 Re1+ 47. Kf5 Ne3+ 48. Ke6 Nc2 49.
Rxh3 Nd4+ 50. Kf6 Nxb3 51. f4 Nc5 52. Rc3 Kd5 53. Rc2 Nd7+ 54. Kf5 Nb6 55. Rd2+ Kc6 56. Ke6 Nc4 57. Rc2 b5 58. a4 Kc5 59. axb5 axb5 60.
Rh2 b4 61. Rh8 b3 62. Rc8+ Kb5 63.
Rb8+ Nb6 64. Kd6 Rxe5 65. fxe5 b2 66. Kc7 Kc5 67. Rxb6 Kd5 68. Rxb2 Kxe5 69. Rb6 Kd5 70. Rh6 Kc5 71. Rh5+ Kd4 72. Kd6 Ke4 73. Re5+ Kd4 74. Re1 Kc4 75. Re4+ Kd3 76. Kd5 Kd2 77. Rf4 Kd3 78.
Rh4 Ke3 79. Ra4 Kf3 80. Ke5 Ke3 81. Ra3+ Kd2 82. Kd4 Kc2 83. Rh3 Kb2 84. Kc4 Kc2 85. Rh2+ Kd1 86. Kc3 Ke1 87. Kd3 Kf1 88. Ke3 Kg1 89. Rb2 Kf1 90. Ra2 Kg1 91. Kf3 Kh1 92.
Kg3 Kg1 93. Ra1# 1-0

[Event "Late-Titled-Tuesday-Blitz-January-16-2024"]
[Site "Chess.com"]
[Date "2024.01.16"]
[Round "1"]
[White "Elsa167"]
[Black "Cheer_Down"]
[Result "1-0"]
[WhiteElo "2850"]
[BlackElo "2458"]
[TimeControl "180+1"]
[EndTime "14:09:25 PST"]
[Termination "Elsa167 won on time"]

1. d4 Nf6 2. c4 e6 3. Nf3 d5 4. Nc3 Be7 5. g3 O-O 6. Bg2 dxc4 7. Ne5 Nc6 8. Bxc6 bxc6 9. Nxc6 Qe8 10. Nxe7+ Qxe7 11. Qa4 c5 12. dxc5 Qxc5 13. Be3 Qc7 14. f3 Rb8 15.
Qa3 a5 16. Rd1 Rd8 17. Kf2 Nd5 18. Nxd5 Rxd5 19. Qc3 Rb4 20. Bd4 f6 21. e4 Rd7 22.
Qe3 e5 23. Bc3 Rb8 24. Rxd7 Bxd7 25. Rd1 Be6 26. Qd2 Kf7 27. Bxa5 Qa7+ 28. Kg2 Ra8 29.
Bc3 Qxa2 30. f4 exf4 31. gxf4 Kg8 32. f5 Bf7 33. Rg1 Qa6 34. Kh1 Qc6 35. Qg2 g6 36. h3 Re8 37. Re1 Kf8 38. fxg6 Bxg6 39. e5 Qxg2+ 40. Kxg2 fxe5 41. Bxe5 Kf7 42. Kg3 Re6 43.
Kf4 Re8 44. Ra1 Ke6 45. Bc3 Rf8+ 46. Kg3 Be4 47. h4 Rf3+ 48. Kg4 Rf2 49. Ra6+ Kd5 50. Ra5+ Kc6 51. h5 Bd3 52. Ra6+ Kd5 53. h6 Rg2+ 54.
Kf3 Rh2 55. Ra5+ Kc6 56. Bg7 Rh1 57. Ke3 Rh3+ 58. Kd4 Rh4+ 59. Kc3 Rh2 60. b4 Rc2+ 61. Kd4 Rc1 62. Rc5+ Kb7 63. Kd5 Re1 64. Kd4 Rd1 65. Ke5 Re1+ 66. Kd6 Bf5 67. Rxc4 Re6+ 68. Kd5 Rg6 69.
Rc5 Be6+ 70. Ke5 Bb3 71. Rc3 Ba2 72. Ra3 Bb1 73. Rf3 Rg5+ 74. Kd4 Rg4+ 75. Kc3 Ba2 76. Bd4 Bb1 77. Rf7+ Kc6 78. Rf6+ Kb7 79. b5 Bg6 80. Re6 Bf5 81. Re7+ Kc8 82. Kc4 Rg2 83. b6 Rg6 84. b7+ Kb8 85. Be5+ Ka7 86. b8=Q+ 1-0

[Event "Late-Titled-Tuesday-Blitz-January-16-2024"]
[Site "Chess.com"]
[Date "2024.01.16"]
[Round "1"]
[White "cassoulet"]
[Black "Brahianzevich"]
[Result "1/2-1/2"]
[WhiteElo "2765"]
[BlackElo "2441"]
[TimeControl "180+1"]
[EndTime "14:09:29 PST"]
[Termination "Game drawn - insufficient material"]

1. d4 d5 2. Nf3 e6 3. Bf4 Nf6 4. e3 c5 5. c3 Nc6 6. Nbd2 Bd6 7. Bg3 O-O 8. Bd3 b6 9. Qe2 Bb7 10. O-O-O c4 11. Bc2 b5 12. e4 Be7 13. Ne5 b4 14. Nxc6 Bxc6 15. cxb4 a5 16. e5 Ne4 17. Nxe4 dxe4 18.
b5 Bxb5 19. Qxe4 g6 20. d5 exd5 21. Rxd5 Qb6 22. Qd4 Qb7 23. Rd1 Rfd8 24. Be4 Bc6 25. Rxd8+ Rxd8 26. Bxc6 Qxc6 27. Qe3 Rxd1+ 28. Kxd1 Qxg2 29.
Kc2 Qd5 30. a3 Qb5 31. Qd4 Qb3+ 32. Kc1 c3 33. Qxc3 Qxc3+ 34. bxc3 Bxa3+ 35. Kc2 Bc5 36. Kb3 Kf8 37. Ka4 Bb6 38. Kb5 Bc7 39. e6 Bxg3 40. hxg3 fxe6 41. Kxa5 Ke7 42. Kb6 h5 43. c4 g5 44. c5 h4 45. gxh4 gxh4 46. c6 h3 47. c7 h2 48. c8=Q h1=Q 49. Qc7+ Ke8 50. Qc5 Qb1+ 51.
Kc7 Qe4 52. Qb5+ Ke7 53. Qg5+ Kf7 54. Qh5+ Kf6 55. Qh8+ Kf5 56. Qh7+ Ke5 57. Qg7+ Kf4 58. Qg3+ Kf5 59. Kd7 Qb7+ 60. Ke8 Qc8+ 61. Kf7 Qd7+ 62. Kg8 Qe8+ 63. Kh7 Qf7+ 64. Kh6 Qf6+ 65. Kh7 Qf7+ 66.
Kh6 Qf6+ 67. Kh7 Qg5 68. Qf3+ Ke5 69. Qc3+ Kf5 70. Qd3+ Kf4 71. Qd2+ Kf5 72. Qc2+ Kf6 73. Qc3+ e5 74. Qc6+ Kf5 75. Qf3+ Qf4 76. Qh3+ Ke4 77.
Qh1+ Kd3 78. Qd1+ Kc3 79. Qe1+ Kc2 80. Qe2+ Kc3 81. Kg6 Kd4 82. Qb2+ Ke4 83. Qc2+ Kf3 84. Qb2 Kg2 85. Kh5 Qf3+ 86. Kg5 Qf4+ 87. Kg6 e4 88. Qe2 Qf3 89. Qc2 Kf1 90. Kg5 Kg1 91. Kg6 Kg2 92. Kg5 Kh3 93. Kg6 Qg4+ 94. Kf6 Qf4+ 95. Ke6 Kg2 96. Kd5 Qf5+ 97. Kd4 Qf4 98.
Qxe4+ Qxe4+ 99. Kxe4 Kxf2 1/2-1/2

[Event "Late-Titled-Tuesday-Blitz-January-16-2024"]
[Site "Chess.com"]
[Date "2024.01.16"]
[Round "1"]
[White "enriquetejedor"]
[Black "drdaro"]
[Result "1-0"]
[WhiteElo "2734"]
[BlackElo "2409"]
[TimeControl "180+1"]
[EndTime "14:09:34 PST"]
[Termination "enriquetejedor won on time"]

1. c3 g6 2. e4 d6 3. d4 Bg7 4.
Bc4 Nf6 5. Nd2 O-O 6. Ne2 e5 7.
O-O Qe7 8. Re1 c6 9. h3 Nbd7 10.
a4 Rd8 11. Ng3 Nf8 12. Nf3 Be6 13. d5 cxd5 14. exd5 Bd7 15. a5 Rdc8 16. Bb3 Ne8 17. Nd4 Qh4 18. Nf3 Qe7 19. Nd4 Qh4 20. a6 b6 21. Nc6 Rc7 22. Re4 Qf6 23. Ba4 Rac8 24.
Re1 Bxc6 25. Bxc6 Qe7 26. Ne4 f5 27. Bg5 Qf7 28. Bxe8 Qxe8 29. Nxd6 Qd7 30. Nxc8 Rxc8 31. Qb3 Qd6 32. Rad1 Nd7 33. Qa2 f4 34. f3 Rc5 35.
Bh4 Ra5 36. Qc4 Rc5 37. Qa2 Ra5 38. Qb3 Rc5 39. Bf2 Rc8 40. Qb5 g5 41. Rc1 h5 42.
c4 Nc5 43. Rcd1 g4 44. b4 Nb3 45.
c5 bxc5 46. bxc5 Nxc5 47. Bxc5 Rxc5 48. Qe8+ Qf8 49. Qxh5 gxf3 50. Qxf3 Ra5 51. d6 Rxa6 52. d7 Qd8 53. Qb3+ Kh8 54. Qf7 Rf6 55. Qe8+ Rf8 56.
Qh5+ Kg8 57. Rxe5 Bxe5 58. Qxe5 Qb6+ 59. Kh2 Rd8 60. Qxf4 Qg6 61. Rd4 Qe6 62. Qg4+ Qxg4 63. Rxg4+ Kf7 64. Rd4 a5 65. Rd5 Ke6 66. Rxa5 Rxd7 67.
Ra6+ Kf5 68. Ra1 Rd2 69. Rf1+ Kg5 70. Rf3 Re2 71. Rg3+ Kh5 72. Rg4 Rf2 73. Rg3 Re2 74. Rf3 Rd2 75. Re3 Rf2 76. Rd3 Re2 77. Kg3 Kg5 78.
Rd5+ Kg6 79. Rd4 Rb2 80. h4 Kh6 81. Kh3 Kg6 82. Rd6+ Kf5 83. g4+ Ke5 84. Rd3 Rb4 85. Rf3 Rb2 86. g5 Rb4 87. Rf6 Rc4 88. Kg3 Rd4 89.
Rf7 Rb4 90. Rf8 Ke6 91. Rf6+ Ke7 92. Rf1 Ke6 93. Rf4 Ke7 94. Rxb4 1-0

[Event "Late-Titled-Tuesday-Blitz-January-16-2024"]
[Site "Chess.com"]
[Date "2024.01.16"]
[Round "1"]
[White "MeisterJabo"]
[Black "infinitypoint"]
[Result "1/2-1/2"]
[WhiteElo "2272"]
[BlackElo "2601"]
[TimeControl "180+1"]
[EndTime "14:09:51 PST"]
[Termination "Game drawn - insufficient material"]

1. c4 c5 2. g3 g6 3. Bg2 Bg7 4. Nc3 Nc6 5. a3 e6 6. Rb1 Nge7 7. b4 d6 8. b5 Ne5 9. Qb3 O-O 10. Nf3 Nxf3+ 11.
Bxf3 Nf5 12. e3 Qf6 13. Bg2 Qe7 14. O-O h5 15. d3 h4 16. Bb2 hxg3 17. hxg3 Be5 18.
Ne4 Kg7 19. Rbd1 Rh8 20. d4 cxd4 21. exd4 Bf6 22. f4 d5 23. Nxf6 Qxf6 24. cxd5 exd5 25. Rde1 Be6 26. Re5 Rad8 27. Rfe1 Kg8 28. a4 g5 29. g4 Nh4 30. f5 Bd7 31. R1e3 Nxg2 32. Kxg2 Qh6 33.
Rh3 Qxh3+ 34. Qxh3 Rxh3 35. Kxh3 Be8 36. Ba3 f6 37. Re7 Bd7 38. Re3 Re8 39. Rc3 Re4 40.
Rc7 Re3+ 41. Kg2 Bxb5 42. axb5 Rxa3 43. Rxb7 a6 44. b6 Rb3 45. Rb8+ Kg7 46. b7 a5 47. Ra8 Rxb7 48. Rxa5 Rb2+ 49. Kf3 Rb3+ 50. Ke2 Rg3 51. Rxd5 Rxg4 52. Rd7+ Kf8 53. Ke3 Rf4 54.
Rd5 Ke7 55. Ra5 Rf1 56. Ra7+ Ke8 57. Ra8+ Kd7 58. Ra7+ Kc8 59. Ra5 g4 60. Ke2 Rf4 61. Ke3 Rf1 62. Ke2 Rf4 63. Ke3 Rf3+ 64. Ke2 Kd7 65.
Rb5 Kc6 66. Rc5+ Kd6 67. Ra5 Rf4 68. Ke3 Rf1 69. Ke2 Rh1 70. Kf2 Rh3 71. Kg2 Rf3 72.
Rb5 Rf4 73. Ra5 Rxd4 74. Kg3 Rd5 75. Ra6+ Ke5 76. Kxg4 Rd4+ 77. Kf3 Kxf5 78. Ra5+ Kg6 79. Kf2 f5 80. Ra3 Kg5 81. Rh3 Kg4 82. Ra3 Rd2+ 83. Kf1 f4 84. Rb3 Rh2 85. Ra3 Rh5 86. Rb3 Rd5 87. Ra3 Kf5 88. Rb3 Ke4 89. Ra3 Rd1+ 90.
Kf2 Rd4 91. Kf1 Rb4 92. Rc3 Rb2 93. Ra3 Rd2 94. Rb3 Rd1+ 95. Kf2 Rd2+ 96. Kf1 Rd3 97. Rxd3 Kxd3 98. Kf2 Ke4 99. Ke2 f3+ 100. Kf2 Kf4 101. Kf1 Ke3 102. Ke1 Kd3 103. Kf2 Ke4 104. Kf1 Kf4 105. Kf2 Kg4 106. Kf1 Kg3 107. Kg1 f2+ 108. Kf1 Kh2 109.
Kxf2 1/2-1/2

[Event "Late-Titled-Tuesday-Blitz-January-16-2024"]
[Site "Chess.com"]
[Date "2024.01.16"]
[Round "1"]
[White "Vlad_Lukiianchuk"]
[Black "NovakRatko"]
[Result "1/2-1/2"]
[WhiteElo "2619"]
[BlackElo "2309"]
[TimeControl "180+1"]
[EndTime "14:10:18 PST"]
[Termination "Game drawn - insufficient material"]

1. d4 d5 2. c4 c5 3. e3 e6 4. Nf3 Nf6 5. Nc3 Nc6 6. Be2 dxc4 7.
Bxc4 cxd4 8. exd4 Be7 9. O-O O-O 10. Bf4 a6 11. Rc1 Nd5 12. Bg3 Bf6 13. Ne4 Bd7 14.
Nxf6+ Qxf6 15. Ne5 Nxe5 16. Bxe5 Qh4 17. Bxd5 exd5 18.
Rc7 Bc6 19. Qf3 Rac8 20. Re1 Rxc7 21. Bxc7 Qxd4 22. Be5 Qh4 23. Bg3 Qg5 24. h4 Qf6 25. Qxf6 gxf6 26. Rd1 Re8 27. Rd2 h5 28. Bc7 Re4 29.
f4 d4 30. Bb6 Rxf4 31. Rxd4 Rf5 32. Rd2 Kg7 33. Kh2 Kg6 34. Be3 Re5 35. Bd4 Re4 36. Bf2 Rg4 37. Bg3 Ra4 38. a3 Re4 39. Rf2 f5 40. Bf4 Re1 41. Kg3 Be4 42. Rd2 Rg1 43.
Kh2 Rf1 44. Kg3 f6 45. Rd6 Rg1 46. Rd2 Rc1 47. Rd6 Rc2 48. Be5 Rxg2+ 49. Kf4 Rg4+ 50. Ke3 Rxh4 51. Bxf6 Rh3+ 52. Kf4 Kf7 53. Ke5 Rd3 54. Rxd3 Bxd3 55. Bh4 Ke8 56. Bg5 Kd7 57. Kd4 Be4 58. Ke5 Kc6 59. Kd4 Kd6 60. Bf4+ Ke6 61. Bg5 Kf7 62.
Ke5 Kg6 63. Bh4 Bf3 64. b4 Be4 65. Kf4 Kf7 66. Ke5 Ke8 67. Bg5 Kd7 68. Bh4 Kc6 69.
Kd4 Kb5 70. Kc3 Ka4 71. Kb2 f4 72. Be1 f3 73. Bf2 Kb5 74. Kc3 Bd5 75. Kd4 Bc6 76. Kc3 a5 77. bxa5 Kxa5 78. Kb2 Kb5 79. Kc3 Ka4 80.
Kb2 Kb5 81. Kc3 Ka6 82. Kb4 Be4 83. Kc4 b6 84. Kb4 Bc6 85. Kc4 Kb7 86. Kd4 Kc7 87.
Ke5 Kd7 88. Bh4 Ke8 89. Ke6 Ba4 90. Kd6 Kf7 91. Ke5 Kg6 92. Kf4 Bc6 93. Ke5 Ba8 94. Kf4 Bb7 95. Ke5 Kf7 96. Bf2 Ba8 97. Kf4 Ke6 98. Bxb6 Kd5 99. Bf2 Kc4 100. Be1 Kd3 101. a4 Ke2 102. Bh4 f2 103. Bxf2 Kxf2 104. Kg5 Bf3 105. Kh4 Kg2 106. a5 Kf2 107. a6 Ke3 108. a7 Ba8 109. Kxh5 Kd4 110. Kg5 Kc5 111. Kf6 Kb6 112. Ke7 Kxa7 1/2-1/2

[Event "Late-Titled-Tuesday-Blitz-January-16-2024"]
[Site "Chess.com"]
[Date "2024.01.16"]
[Round "2"]
[White "Pachonpower"]
[Black "a_kandil"]
[Result "1-0"]
[WhiteElo "2275"]
[BlackElo "2502"]
[TimeControl "180+1"]
[EndTime "14:12:12 PST"]
[Termination "Pachonpower won by resignation"]

1. d4 Nf6 2. Nf3 g6 3. Nc3 d5 4. Bf4 c5 5. e3 Bg7 6. Qd2 O-O 7. O-O-O c4 8. h4 h5 9. Ne5 Nc6 10. e4 Nxe4 11. Nxe4 dxe4 12. Nxc6 bxc6 13. Bxc4 Qa5 14. Qxa5 1-0

[Event "Late-Titled-Tuesday-Blitz-January-16-2024"]
[Site "Chess.com"]
[Date "2024.01.16"]
[Round "2"]
[White "GAusal"]
[Black "danshev16"]
[Result "0-1"]
[WhiteElo "2286"]
[BlackElo "2527"]
[TimeControl "180+1"]
[EndTime "14:12:17 PST"]
[Termination "danshev16 won by resignation"]

1. d4 c6 2. Nf3 d6 3. c4 Nd7 4. Nc3 h6 5. Bf4 g5 6. Bg3 Bg7 7. h4 g4 8. Nd2 Bxd4 9. Nb3 Be5 10. Bxe5 Nxe5 11. e3 Be6 12. Nd2 Nf6 13. b3 Qa5 14.
Qc2 g3 15. f4 Neg4 16. O-O-O Nxe3 17. Qd3 Nxd1 18. Kxd1 Ng4 19. Kc2 Nf2 20. Qf3 Nxh1 21.
f5 Qxf5+ 0-1